 Dungeon Crawl Stone Soup version 0.28.0-45-g0d030f2227 (webtiles) character file.

Game seed: 8073301417381018145

23 firemarshallily the Skirmisher (level 2, 0/24 HPs)
             Began as a Demonspawn Fighter on Apr 24, 2022.
             Slain by an orc
             ... wielding a +0 trident
              (1 damage)
             ... on level 2 of the Dungeon.
             The game lasted 00:02:18 (794 turns).

firemarshallily the Skirmisher (Demonspawn Fighter)  Turns: 794, Time: 00:02:18

Health: 0/24       AC:  6    Str: 16    XL:     2   Next: 72%
Magic:  2/2        EV:  8    Int:  9    God:
Gold:   15         SH:  4    Dex: 12    Spells: 1/1 levels left

rFire   . . .      SeeInvis .   a - +0 war axe
rCold   . . .      Faith    .   c - +0 buckler
rNeg    . . .      Spirit   .   b - +0 scale mail
rPois   .          Reflect  .   (no helmet)
rElec   .          Harm     .   (no cloak)
rCorr   .          Rampage  .   (no gloves)
Will    .....                   (no boots)
Stlth   ..........              (no amulet)
HPRegen 0.08/turn               (no ring)
MPRegen 0.08/turn               (no ring)

@: no status effects
A: hooves 1
a: no special abilities


You were on level 2 of the Dungeon.
You visited 1 branch of the dungeon, and saw 2 of its levels.

You collected 15 gold pieces.

Inventory:

Hand Weapons
 a - a +0 war axe (weapon)
Missiles
 f - 19 stones (quivered)
Armour
 b - a +0 scale mail (worn)
 c - a +0 buckler (worn)
Jewellery
 g - a ring of fire
Potions
 d - a potion of might
 e - a potion of mutation {unknown}
 h - a potion of heal wounds {unknown}


   Skills:
 * Level 3.3 Fighting
 * Level 2.1 Axes
 + Level 0.1 Throwing
 * Level 2.9 Armour
 + Level 2.9 Shields


You had one spell level left.
You didn't know any spells.
Your spell library contained the following spells:

 Spells                   Type           Power      Damage    Failure   Level
 Portal Projectile        Hex/Tloc       0%         N/A       99%         3
 Blade Hands              Tmut           0%         N/A       100%        5
 Excruciating Wounds      Necr           0%         N/A       100%        5


Dungeon Overview and Level Annotations

Branches:
Dungeon (1/15)

Altars:


Innate Abilities, Weirdness & Mutations

You have large cloven feet.


Message History

You kill the ball python!
You see here a ball python corpse.
Found a stone staircase leading down.
Found a metallic orange potion.
Found 19 bolts.
h - a metallic orange potion You see here 19 bolts.
A goblin comes into view. It is wielding a +0 club.
The goblin shouts!
You miss the goblin. You block the goblin's attack.
You closely miss the goblin. The goblin hits you but does no damage.
The goblin hits you with a +0 club.
You slash the goblin!
You kill the goblin!
Things that are here:
a +0 club; a goblin corpse You open the door.
There is an open door here.
You now have 15 gold pieces (gained 9).
An orc comes into view. It is wielding a +0 trident.
The orc shouts!
An orc comes into view. It is wielding a +0 mace.
The orc moves out of view.
The orc shouts!
You hear a shout! x2
The orc hits you with a +0 mace.
You slash the orc!
The orc is almost dead.
The orc hits you from afar with a +0 trident.
The orc hits you with a +0 mace.
The orc hits you from afar with a +0 trident!
* * * LOW HITPOINT WARNING * * *
You hit the orc.
You kill the orc!
The orc hits you but does no damage. The orc hits you with a +0 trident.
* * * LOW HITPOINT WARNING * * *
Things that are here:
a +0 mace; an orc corpse The orc hits you from afar with a +0 trident.
You die...

.....######....#.#.#.#
..........'....#.#.#.#
####.######....#...#.#
# #.# ####.#####.#
####.# #.......#
.....## ..#####.#
......# ..#...#.#
#####)##### ..#.#.#.#
..........+ #@#.#.#
#####.##### #)#...#
#..# #o##### ##.# #..
.. #.## #.# #.# .. #.#
#.# #.# #..


You could see an orc.

Vanquished Creatures
  An orc (D:2)
  A giant cockroach (D:1)
  3 goblins
  2 hobgoblins (D:1)
  5 jackals (D:1)
  3 ball pythons
  A frilled lizard (D:1)
  2 kobolds (D:1)
  2 rats (D:1)
20 creatures vanquished.

Notes
Turn   | Place    | Note
-------+----------+-------------------------------------------
     0 | D:1      | firemarshallily the Demonspawn Fighter began the quest for
                  | the Orb.
     0 | D:1      | Reached XP level 1. HP: 18/18 MP: 1/1
   225 | D:1      | Gained mutation: You have large cloven feet. [demonic
                  | ancestry]
   225 | D:1      | Reached XP level 2. HP: 13/24 MP: 2/2
   563 | D:1      | You fall into a shaft and drop 1 floor!
   793 | D:2      | HP: 1/24 [orc/+0 trident (4)]
   794 | D:2      | Slain by an orc

Illustrated notes

Levels and vault maps discovered:
D:1:      sevenhm_arrival_forest_fort_large_4, layout_rooms
D:2:      layout_basic, basic_altar, roderic_lattice_a, lemuel_old_faithful

Skill      XL: |  1 |
---------------+----+-----
Axes           | 2 |  2.1
Fighting       | |  3.3
Throwing       | |  0.1
Armour         | |  2.9
Shields        | |  2.9

Action                   || total
-------------------------++-------
Melee: War axe           ||    53
       Kick              ||     6
Throw: Stone             ||     2
Armor: Scale mail        ||    40
Dodge: Dodged            ||    22
Block: Buckler           ||    13
